 Dungeon Crawl Stone Soup version 0.22.1-1-ga44c0e5 (webtiles) character file.

264 Fang the Chopper (level 6, -1/39 HPs)
             Began as a Gargoyle Berserker on Sept 24, 2018.
             Was a Priest of Trog.
             Slain by an orc wizard
             ... wielding a +0 dagger
              (2 damage)
             ... on level 4 of the Dungeon.
             The game lasted 00:03:35 (2898 turns).

Fang the Chopper (Gargoyle Berserker)               Turns: 2898, Time: 00:03:36

Health: -1/39      AC:  6    Str: 23    XL:     6   Next: 19%
Magic:  6/6        EV: 12    Int:  7    God:    Trog [***...]
Gold:   147        SH:  0    Dex:  9    Spells: 5/5 levels left

rFire    . . .     SeeInvis .   a - +0 hand axe
rCold    . . .     Gourm    .   (no shield)
rNeg     + . .     Faith    .   b - +0 animal skin
rPois    ∞         Spirit   .   (no helmet)
rElec    +         Reflect  .   (no cloak)
rCorr    +         Harm     .   (no gloves)
MR       .....                  (no boots)
Stlth    +.........             (no amulet)
HPRegen  0.13/turn              e - ring of resist corrosion
MPRegen  0.10/turn              (no ring)

@: confused, berserk cooldown, slowed, very slow
A: negative energy resistance 1, electricity resistance, unbreathing,
petrification resistance, rot immunity, AC +4
a: Berserk, Trog's Hand, Renounce Religion


You were on level 4 of the Dungeon.
You worshipped Trog.
Trog was most pleased with you.
You were very hungry.

You visited 1 branch of the dungeon, and saw 4 of its levels.

You collected 147 gold pieces.

Inventory:

Hand Weapons
 a - a +0 hand axe (weapon)
Armour
 b - a +0 animal skin (worn)
Jewellery
 e - a ring of resist corrosion (left hand)
Scrolls
 d - a scroll of fog {unknown}
 g - 2 scrolls of identify {unknown}
 h - 3 scrolls of remove curse {unknown}
 j - a scroll of fear {unknown}
 k - a scroll of enchant armour {unknown}
Potions
 f - a potion of curing {unknown}
 i - a potion of ambrosia {unknown}
 l - 2 potions of brilliance {unknown}
 m - a potion of flight {unknown}
 n - a potion of berserk rage {unknown}
Comestibles
 c - 2 rations


   Skills:
 + Level 4.5 Fighting
 + Level 4.8 Axes
 + Level 2.3 Armour
 + Level 2.6 Dodging
 + Level 1.0 Stealth


You had 5 spell levels left.
You didn't know any spells.
Your spell library was empty.

Dungeon Overview and Level Annotations

Branches:
Dungeon (4/15)
 Temple: D:4-7

Altars:
Gozag
Nemelex Xobeh
Uskayaw
Wu Jian


Innate Abilities, Weirdness & Mutations

You are resistant to torment.
Your stone body is resilient. (AC +4)
You are immune to poison.
You resist negative energy. (rN+)
You are resistant to electric shocks. (rElec)
You can survive without breathing.
You are immune to petrification.
You are immune to rotting.


Message History

Something hits you but does no damage. The orc hits you but does no damage.
Something hits you.
* * * LOW HITPOINT WARNING * * *
You hit the orc.
You kill the orc!
Trog accepts your kill.
You hit something.
You hear some strange, mumbled words.
You are confused.
Unknown command.
Something hits you but does no damage. x2
You see here a club.
Unknown command.
You hit something.
You hear some strange, mumbled words.
A magic dart appears from out of thin air!
The magic dart hits you!
* * * LOW HITPOINT WARNING * * *
Something hits you.
You die...

................###.#### .
.............>....#.....
...............####.######
.........†.....# #.#
...........†...# #>#
.....####)####.# #.#
.....$.......#.# #.#
........){...#.# ###
.........@...#..
###..........#..
#..........#...
#..........# #..........+
#..........# #..........#
#..........#


There were no monsters in sight!

Vanquished Creatures
  A howler monkey (D:2)
  An iguana (D:4)
  An orc wizard (D:3)
  2 worker ants (D:4)
  3 adders (D:2)
  5 worms
  2 dart slugs (D:1)
  2 leopard geckos (D:4)
  8 orcs
  3 ball pythons
  3 bats (D:1)
  6 giant cockroaches
  10 goblins
  5 hobgoblins
  3 jackals
  6 kobolds
  A quokka (D:2)
  6 frilled lizards
  6 rats
74 creatures vanquished.

Notes
Turn   | Place    | Note
-------+----------+-------------------------------------------
     0 | D:1      | Fang the Gargoyle Berserker began the quest for the Orb.
     0 | D:1      | Reached XP level 1. HP: 14/14 MP: 1/1
   163 | D:1      | Reached XP level 2. HP: 18/19 MP: 2/2
   861 | D:2      | Reached XP level 3. HP: 21/24 MP: 3/3
   874 | D:2      | Found an ornate altar of the Wu Jian Council.
   875 | D:2      | Found an opulent altar of Gozag.
   875 | D:2      | Found a hide-covered altar of Uskayaw.
   917 | D:2      | Found a sparkling altar of Nemelex Xobeh.
   976 | D:2      | Reached ** piety under Trog
  1397 | D:2      | Reached XP level 4. HP: 26/29 MP: 4/4
  1783 | D:2      | Reached XP level 5. HP: 9/33 MP: 5/5
  2869 | D:4      | Reached XP level 6. HP: 26/39 MP: 6/6
  2883 | D:4      | Reached skill level 1 in Stealth
  2895 | D:4      | Reached *** piety under Trog
  2898 | D:4      | HP: 1/39 [something/magic dart (8)]
  2898 | D:4      | Slain by an orc wizard

Skill      XL: |  1  2  3  4  5  6 |
---------------+-------------------+-----
Axes           | 3 4 |  4.8
Dodging        | 2 |  2.6
Fighting       | 4 |  4.5
Stealth        | 1 |  1.0
Armour         | |  2.3

Action                   |  1- 3 |  4- 6 || total
-------------------------+-------+-------++-------
Melee: Hand axe          |   119 |   145 ||   264
Invok: Berserk           |       |     1 ||     1
 Stab: Sleeping          |     1 |     1 ||     2
  Eat: Chunk             |     2 |     4 ||     6
Armor: Animal skin       |    36 |    44 ||    80
Dodge: Dodged            |    76 |    72 ||   148
